MLB
MILWAUKEE BREWERS @ NEW YORK METS
03/04/2048
 
TOP OF THE 1ST
Milwaukee Brewers batting - Pitching for New York Mets : RHP Jeff Jank
Pitching: RHP Jeff Jank
Batting: RHB Akitada Nishizawa 0-0: Called Strike
0-1: Ball
1-1: Foul Ball, location: 2F
1-2: Ball
2-2: Foul Ball, location: 2F
2-2: Strikes out swinging
Batting: SHB Lewis Thorpe Jr. 0-0: Foul Ball, location: 2F
0-1: Ball
1-1: Foul Ball, location: 2F
1-2: Ball
2-2: SINGLE (Line Drive, 34, EV 100.0 MPH)
Batting: SHB Junzo Kato 0-0: Ball
1-0: Called Strike
Lewis Thorpe Jr. is caught stealing 2nd base 2-6
1-1: Foul Ball, location: 2F
1-2: Foul Ball, location: 2F
1-2: Strikes out swinging
Top of the 1st over - 0 runs, 1 hit, 0 errors, 0 left on base; Milwaukee 0 - New York 0
BOTTOM OF THE 1ST
New York Mets batting - Pitching for Milwaukee Brewers : LHP Lewis Thorpe Jr.
Pitching: LHP Lewis Thorpe Jr.
Batting: RHB Finn Ross 0-0: Bunted foul
0-1: Ball
1-1: Ball
2-1: Foul Ball, location: 2F
2-2: Ground out 6-3 (Groundball, 6, EV 89.4 MPH)
Batting: LHB Kevin Bellman 0-0: Ball
1-0: Ball
2-0: Ball
3-0: Base on Balls
Batting: SHB Sean Cook 0-0: Ball
1-0: Ball
2-0: Foul Ball, location: 2F
2-1: Foul Ball, location: 2F
2-2: Ball
3-2: Grounds into double play, 4-6-3 (Groundball, 4, EV 83.1 MPH)
Bottom of the 1st over - 0 runs, 0 hits, 0 errors, 0 left on base; Milwaukee 0 - New York 0
TOP OF THE 2ND
Milwaukee Brewers batting - Pitching for New York Mets : RHP Jeff Jank
Batting: SHB Pat Wilson 0-0: Called Strike
0-1: Ball
1-1: Ball
2-1: Ground out 4-3 (Groundball, 34, EV 85.6 MPH)
Batting: RHB Dave Gonzalez 0-0: Ball
1-0: Ball
2-0: Ground out 5-3 (Groundball, 5L, EV 89.4 MPH)
Batting: RHB Daniel Donovan 0-0: Fly out, F8 (Flyball, 8LM, EV 78.1 MPH)
Top of the 2nd over - 0 runs, 0 hits, 0 errors, 0 left on base; Milwaukee 0 - New York 0
BOTTOM OF THE 2ND
New York Mets batting - Pitching for Milwaukee Brewers : LHP Lewis Thorpe Jr.
Batting: RHB Drtian Thaqi 0-0: Swinging Strike
0-1: Called Strike
0-2: Ball
1-2: Ball
2-2: Fly out, F8 (Flyball, 89D, EV 87.5 MPH)
Batting: RHB Billy Walker 0-0: Called Strike
0-1: Called Strike
0-2: Foul Ball, location: 2F
0-2: Ball
1-2: Strikes out swinging
Batting: SHB Roberto Magne 0-0: Foul Ball, location: 2F
0-1: Ball
1-1: Ball
2-1: Ground out U3 (Groundball, 34, EV 99.4 MPH)
Bottom of the 2nd over - 0 runs, 0 hits, 0 errors, 0 left on base; Milwaukee 0 - New York 0
TOP OF THE 3RD
Milwaukee Brewers batting - Pitching for New York Mets : RHP Jeff Jank
Batting: RHB Kisho Ito 0-0: Ground out 3-1 (Groundball, 34S, EV 80.0 MPH)
Batting: RHB Colin Boddy 0-0: Ball
1-0: DOUBLE (Groundball, 5L, EV 106.9 MPH)
Batting: RHB Mike Ball 0-0: Called Strike
0-1: Swinging Strike
0-2: Ball
1-2: Foul Ball, location: 2F
1-2: Strikes out looking
Batting: RHB Akitada Nishizawa 0-0: Ball
1-0: Fly out, F8 (Flyball, 8RXD, EV 88.1 MPH)
Top of the 3rd over - 0 runs, 1 hit, 0 errors, 1 left on base; Milwaukee 0 - New York 0
BOTTOM OF THE 3RD
New York Mets batting - Pitching for Milwaukee Brewers : LHP Lewis Thorpe Jr.
Batting: RHB Josh Jones 0-0: Ball
1-0: Called Strike
1-1: Foul Ball, location: 2F
1-2: Ground out 4-3 (Groundball, 4, EV 99.4 MPH)
Batting: SHB Jason Larson 0-0: Ball
1-0: SINGLE (Groundball, 6MD, EV 105.6 MPH) (infield hit)
Batting: LHB Fabiano Perrolas 0-0: Ball
Jason Larson steals 2nd base (no throw)
1-0: Ground out 4-3 (Groundball, 4MS, EV 83.1 MPH)
Jason Larson to third
Batting: RHB Finn Ross 0-0: Foul Ball, location: 2F
0-1: Fly out, F8 (Flyball, 8LD, EV 80.0 MPH)
Bottom of the 3rd over - 0 runs, 1 hit, 0 errors, 1 left on base; Milwaukee 0 - New York 0
TOP OF THE 4TH
Milwaukee Brewers batting - Pitching for New York Mets : RHP Jeff Jank
Batting: SHB Lewis Thorpe Jr. 0-0: Ball
1-0: Foul Ball, location: 2F
1-1: Ground out 1-3 (Groundball, 15S, EV 70.0 MPH)
Batting: SHB Junzo Kato 0-0: Called Strike
0-1: Swinging Strike
0-2: Strikes out swinging
Batting: SHB Pat Wilson 0-0: Called Strike
0-1: Fly out, F6 (Line Drive, 6, EV 63.1 MPH)
Top of the 4th over - 0 runs, 0 hits, 0 errors, 0 left on base; Milwaukee 0 - New York 0
BOTTOM OF THE 4TH
New York Mets batting - Pitching for Milwaukee Brewers : LHP Lewis Thorpe Jr.
Batting: LHB Kevin Bellman 0-0: Called Strike
0-1: Called Strike
0-2: Foul Ball, location: 2F
0-2: Ball
1-2: Ball
2-2: Ground out U3 (Groundball, 34, EV 83.8 MPH)
Batting: SHB Sean Cook 0-0: Called Strike
0-1: Called Strike
0-2: Strikes out looking
Batting: RHB Drtian Thaqi 0-0: Called Strike
0-1: Swinging Strike
0-2: Strikes out looking
Bottom of the 4th over - 0 runs, 0 hits, 0 errors, 0 left on base; Milwaukee 0 - New York 0
TOP OF THE 5TH
Milwaukee Brewers batting - Pitching for New York Mets : RHP Jeff Jank
Batting: RHB Dave Gonzalez 0-0: Ball
1-0: Called Strike
1-1: Foul Ball, location: 2F
1-2: Fly out, F7 (Flyball, 7S, EV 80.0 MPH)
Batting: RHB Daniel Donovan 0-0: Ball
1-0: Foul Ball, location: 2F
1-1: Ball
2-1: Foul Ball, location: 2F
2-2: Fly out, F8 (Flyball, 8RS, EV 88.8 MPH)
Batting: RHB Kisho Ito 0-0: Called Strike
0-1: Swinging Strike
0-2: Ball
1-2: Ball
2-2: Ball
3-2: Base on Balls
Batting: RHB Colin Boddy 0-0: Ground out 4-3 (Groundball, 4, EV 101.2 MPH)
Top of the 5th over - 0 runs, 0 hits, 0 errors, 1 left on base; Milwaukee 0 - New York 0
BOTTOM OF THE 5TH
New York Mets batting - Pitching for Milwaukee Brewers : LHP Lewis Thorpe Jr.
Pitching: RHP Mark Hincks
Now at SS: Joe LaDue
Now in LF: Chris King
Batting: RHB Billy Walker 0-0: Ball
1-0: Ball
2-0: Called Strike
2-1: Ball
3-1: Base on Balls
Batting: SHB Roberto Magne 0-0: Called Strike
0-1: Ball
1-1: Foul Ball, location: 2F
1-2: Ball
2-2: SINGLE (Groundball, 4D, EV 96.2 MPH)
Billy Walker to second
Runner from 2nd tries for 3rd, SAFE, throw by RF made to third
Batting: RHB Josh Jones 0-0: Ball
1-0: Called Strike
1-1: Called Strike
1-2: Fly out, F8 (Line Drive, 8RM, EV 98.1 MPH)
Runner from 3rd tags up, SCORES, throw by CF
Batting: SHB Jason Larson 0-0: Fly out, F9 (Flyball, 89D, EV 100.6 MPH)
Batting: LHB Fabiano Perrolas 0-0: Ball
1-0: Ball
Roberto Magne steals 2nd base
2-0: Ball
3-0: Called Strike
3-1: SINGLE (Groundball, 4MD, EV 96.9 MPH)
Roberto Magne to third
Runner from 3rd tries for Home, SAFE, throw by CF to home
Batting: RHB Finn Ross 0-0: Ball
1-0: Ball
2-0: Called Strike
2-1: Foul Ball, location: 2F
2-2: Strikes out swinging
Bottom of the 5th over - 2 runs, 2 hits, 0 errors, 1 left on base; Milwaukee 0 - New York 2
TOP OF THE 6TH
Milwaukee Brewers batting - Pitching for New York Mets : RHP Jeff Jank
Batting: RHB Mike Ball 0-0: Foul Ball, location: 2F
0-1: Ball
1-1: Swinging Strike
1-2: Strikes out swinging
Pinch Hitting: LHB Alfredo de la Cruz 0-0: Ball
1-0: Foul Ball, location: 2F
1-1: Called Strike
1-2: Ball
2-2: Ground out 3-1 (Groundball, 13, EV 83.8 MPH)
Batting: RHB Adrian Rudkilde 0-0: Foul Ball, location: 2F
0-1: Ground out 6-3 (Groundball, 6, EV 102.5 MPH)
Top of the 6th over - 0 runs, 0 hits, 0 errors, 0 left on base; Milwaukee 0 - New York 2
BOTTOM OF THE 6TH
New York Mets batting - Pitching for Milwaukee Brewers : RHP Mark Hincks
Now at 2B: Sadataka Kuwahara
Now in RF: Alfredo de la Cruz
Pinch Hitting: SHB Nelle van den Berg 0-0: Called Strike
0-1: Fly out, F8 (Flyball, 78M, EV 81.2 MPH)
Batting: SHB Sean Cook 0-0: Fly out, F9 (Flyball, 89M, EV 96.2 MPH)
Batting: RHB Drtian Thaqi 0-0: Foul Ball, location: 2F
0-1: Ball
1-1: Called Strike
1-2: Ball
2-2: Ball
3-2: Strikes out looking
Bottom of the 6th over - 0 runs, 0 hits, 0 errors, 0 left on base; Milwaukee 0 - New York 2
TOP OF THE 7TH
Milwaukee Brewers batting - Pitching for New York Mets : RHP Jeff Jank
Pitching: LHP Josh Taylor
Now at C: Nelson Powell
Now at 2B: Roberto Magne
Now at 3B: Drtian Thaqi
Now at SS: Nelle van den Berg
Batting: RHB Sadataka Kuwahara 0-0: Ball
1-0: Called Strike
1-1: DOUBLE (Flyball, 89XD, EV 96.9 MPH)
Pinch Hitting: SHB Mike Williams 0-0: Fly out, F6 (Line Drive, 6, EV 75.6 MPH)
Pinch Hitting: RHB Noah Stanley 0-0: Called Strike
0-1: DOUBLE (Flyball, 8RXD, EV 111.9 MPH)
Sadataka Kuwahara scores
Batting: RHB Chris King 0-0: Ball
1-0: Called Strike
1-1: Foul Ball, location: 2F
1-2: Ball
2-2: Strikes out swinging
Batting: RHB Joe LaDue 0-0: Ball
1-0: Foul Ball, location: 2F
1-1: Ball
2-1: Fly out, F7 (Line Drive, 7, EV 100.6 MPH)
Top of the 7th over - 1 run, 2 hits, 0 errors, 1 left on base; Milwaukee 1 - New York 2
BOTTOM OF THE 7TH
New York Mets batting - Pitching for Milwaukee Brewers : RHP Mark Hincks
Pitching: RHP Jeff Swomley
Now at 1B: Joe LaDue
Now at SS: Noah Stanley
Now in CF: Mike Williams
Batting: RHB Jordan Fairburn 0-0: Foul Ball, location: 2F
0-1: Ball
1-1: Ball
2-1: Ball
3-1: DOUBLE (Flyball, 7LD, EV 91.2 MPH)
Batting: SHB Roberto Magne 0-0: Ball
1-0: Ball
2-0: Sac Bunt to 25 - play at first, batter OUT! 5-3
Jordan Fairburn to third
Batting: RHB Josh Jones 0-0: Called Strike
0-1: Called Strike
0-2: Ball
1-2: Ball
2-2: Foul Ball, location: 2F
2-2: Foul Ball, location: 2F
2-2: Ball
3-2: Base on Balls
Batting: SHB Jason Larson 0-0: Called Strike
0-1: Foul Ball, location: 2F
0-2: Foul Ball, location: 2F
0-2: SINGLE (Flyball, 78S, EV 91.9 MPH)
Jordan Fairburn scores
Josh Jones to second
Batting: SHB Nelson Powell 0-0: Ball
1-0: Called Strike
1-1: Ball
2-1: Ball
3-1: Foul Ball, location: 2F
3-2: Strikes out swinging
Pitching: RHP Mekonen Mahfudh
Batting: RHB Finn Ross 0-0: Ground out 5-3 (Groundball, 56S, EV 80.0 MPH)
Bottom of the 7th over - 1 run, 2 hits, 0 errors, 2 left on base; Milwaukee 1 - New York 3
TOP OF THE 8TH
Milwaukee Brewers batting - Pitching for New York Mets : LHP Josh Taylor
Pitching: RHP Brian Wood
Batting: RHB Colin Boddy 0-0: Ball
1-0: Fly out, F7 (Line Drive, 7, EV 105.0 MPH)
Pinch Hitting: RHB Ryan Neal 0-0: Called Strike
0-1: Called Strike
0-2: Ball
1-2: Foul Ball, location: 2F
1-2: Ball
2-2: Ball
3-2: Foul Ball, location: 2F
3-2: Fly out, F9 (Flyball, 9D, EV 93.1 MPH)
Batting: LHB Alfredo de la Cruz 0-0: Called Strike
0-1: Swinging Strike
0-2: Ball
1-2: Strikes out swinging
Top of the 8th over - 0 runs, 0 hits, 0 errors, 0 left on base; Milwaukee 1 - New York 3
BOTTOM OF THE 8TH
New York Mets batting - Pitching for Milwaukee Brewers : RHP Mekonen Mahfudh
Pitching: LHP Chad Persaud
Now at 3B: Ryan Neal
Batting: SHB Nelle van den Berg 0-0: Ball
1-0: Ball
2-0: Ball
3-0: Base on Balls
Batting: SHB Sean Cook 0-0: Called Strike
0-1: Called Strike
Nelle van den Berg steals 2nd base (no throw)
0-2: Ball
1-2: Ball
2-2: Ball
3-2: Fly out, F8 (Flyball, 78M, EV 81.9 MPH)
Batting: RHB Drtian Thaqi 0-0: Ball
1-0: Ball
2-0: Ball
3-0: Called Strike
3-1: Base on Balls
Batting: RHB Jordan Fairburn 0-0: Ball
1-0: Foul Ball, location: 2F
1-1: SINGLE (Groundball, 6S, EV 68.8 MPH) (infield hit)
Nelle van den Berg to third
Drtian Thaqi to second
Batting: SHB Roberto Magne 0-0: Ball
1-0: Foul Ball, location: 2F
1-1: Ball
2-1: Ball
3-1: Foul Ball, location: 2F
3-2: Strikes out swinging
Batting: RHB Josh Jones 0-0: Called Strike
0-1: Ball
1-1: Ball
2-1: Foul Ball, location: 2F
2-2: Foul Ball, location: 2F
2-2: Foul Ball, location: 2F
2-2: Foul Ball, location: 2F
2-2: SINGLE (Groundball, 34D, EV 102.5 MPH)
Nelle van den Berg scores
Drtian Thaqi to third
Jordan Fairburn to second
Runner from 3rd tries for Home, throw by RF and OUT! 9-2
Bottom of the 8th over - 1 run, 2 hits, 0 errors, 2 left on base; Milwaukee 1 - New York 4
TOP OF THE 9TH
Milwaukee Brewers batting - Pitching for New York Mets : RHP Brian Wood
Pitching: RHP Billy McIntyre
Batting: RHB Adrian Rudkilde 0-0: Foul Ball, location: 2F
0-1: Swinging Strike
0-2: Strikes out looking
Batting: RHB Sadataka Kuwahara 0-0: Ball
1-0: Fly out, F8 (Line Drive, 8RD, EV 92.5 MPH)
Batting: SHB Mike Williams 0-0: Called Strike
0-1: Called Strike
0-2: Ball
1-2: Strikes out looking
Top of the 9th over - 0 runs, 0 hits, 0 errors, 0 left on base; Milwaukee 1 - New York 4
Tuesday, March 28th , 2023 - OOTP Baseball 23.10 Build 110